 Dungeon Crawl Stone Soup version 0.29.1-1-gd02db6906a (webtiles) character file.

Game seed: 2249300396227106229

46 ImASeal the Shield-Bearer (level 3, 0/36 HPs)
             Began as a Troll Fighter on Oct 5, 2022.
             Slain by a scorpion (2 damage)
             ... on level 3 of the Dungeon.
             The game lasted 00:02:06 (1482 turns).

ImASeal the Shield-Bearer (Troll Fighter)           Turns: 1482, Time: 00:02:06

Health: 0/36       AC:  4    Str: 26    XL:     3   Next: 44%
Magic:  2/2        EV:  8    Int:  4    God:
Gold:   85         SH:  7    Dex:  9    Spells: 2/2 levels left

rFire   . . .      SeeInvis .   a - +0 war axe
rCold   + . .      Faith    .   c - +0 kite shield
rNeg    . . .      Spirit   .   b - +0 robe
rPois   .          Reflect  .   (helmet restricted)
rElec   .          Harm     .   (no cloak)
rCorr   .          Rampage  .   (gloves unavailable)
Will    .....                   (boots unavailable)
Stlth   +.........              (no amulet)
HPRegen 0.92/turn               m - ring of protection from cold
MPRegen 0.08/turn               (no ring)

@: lethally poisoned (0 -> -11)
A: large, unfitting armour, claws 3, regeneration 1, shaggy fur 1, tough skin 1
a: no special abilities


You were on level 3 of the Dungeon.
You visited 1 branch of the dungeon, and saw 3 of its levels.

You collected 85 gold pieces.

Inventory:

Hand Weapons
 a - a +0 war axe (weapon)
Missiles
 f - 24 stones (quivered)
 j - 6 javelins
 o - 2 poisoned darts
Armour
 b - a +0 robe (worn)
 c - a +0 kite shield (worn)
Jewellery
 m - a ring of protection from cold (left claw)
Scrolls
 e - 2 scrolls of identify {unknown}
 g - a scroll of butterflies {unknown}
 k - a scroll of magic mapping {unknown}
 l - a scroll of enchant weapon {unknown}
Potions
 d - a potion of might
 h - 3 potions of curing {unknown}
 i - a potion of brilliance {unknown}
 n - a potion of ambrosia {unknown}


   Skills:
 + Level 2.7 Fighting
 + Level 2.0 Axes
 + Level 3.0 Dodging
 + Level 3.1 Shields


You had 2 spell levels left.
You didn't know any spells.
Your spell library was empty.

Dungeon Overview and Level Annotations

Branches:
Dungeon (3/15)

Altars:

Shops:
D:2 :


Innate Abilities, Weirdness & Mutations

You are too large for most types of armour.
You have claws for hands.
Your natural rate of healing is unusually fast.
You are covered in fur. (AC +1)
You have tough skin. (AC +1)


Message History

You kill the quokka!
You barely miss the ball python.
The ball python bites you but does no damage.
The ball python barely misses you.
Your Dodging skill increases to level 3!
You hit the ball python.
You kill the ball python!
Your Axes skill increases to level 2!
No target in view!
A scorpion comes into view.
You throw a stone.
The stone hits the scorpion but does no damage.
You throw a stone.
The stone hits the scorpion but does no damage.
You throw a stone.
The stone hits the scorpion but does no damage.
You block the scorpion's attack.
You hit the scorpion but do no damage. You block the scorpion's attack.
The scorpion stings you!
You closely miss the scorpion. The scorpion stings you. x2
You are poisoned.
The scorpion poisons you!
You barely miss the scorpion.
You feel very sick. The scorpion stings you. The scorpion barely misses you.
You are too injured to fight recklessly!
You are too injured to fight recklessly!
You feel sick.
You barely miss the scorpion.
You feel sick. The scorpion stings you.
You are more poisoned.
The scorpion poisons you! The scorpion stings you.
* * * LOW HITPOINT WARNING * * *
You are lethally poisoned!
The scorpion poisons you!
You hit the scorpion.
The scorpion is moderately wounded.
* * * LOW HITPOINT WARNING * * *
You feel extremely sick. The scorpion stings you.
You die...

#
#.##########
...........
.........###
#....s@..##
#...........#
.....>##[#.<#
###.#. #.#..#
.. . ..[....
## .#
#.....### #.
#..#..# .
#.....#
#......


You could see a scorpion.

Vanquished Creatures
  2 dart slugs (D:1)
  3 ball pythons
  9 bats
  4 endoplasms
  2 giant cockroaches (D:1)
  3 goblins (D:1)
  3 hobgoblins
  2 jackals (D:1)
  2 kobolds (D:2)
  A quokka (D:3)
  2 frilled lizards
  4 rats
37 creatures vanquished.

Notes
Turn   | Place    | Note
-------+----------+-------------------------------------------
     0 | D:1      | ImASeal the Troll Fighter began the quest for the Orb.
     0 | D:1      | Reached XP level 1. HP: 22/22 MP: 0/0
    55 | D:1      | Reached XP level 2. HP: 29/29 MP: 1/1
   206 | D:1      | Found a faded altar of an unknown god.
   362 | D:1      | Reached XP level 3. HP: 36/36 MP: 2/2
   789 | D:2      | Found Kanitaoh's Vocational Training.
  1472 | D:3      | Noticed a scorpion
  1482 | D:3      | Slain by a scorpion

Illustrated notes

Levels and vault maps discovered:
D:1:      dpeg_arrival_subterranean_lakeside_camping, layout_loops_ring,
          shapermc_ecumenical_altar_acropolis, chequers_serial_rivers_micro_b
D:2:      layout_loops_corners, minmay_misc_feat_diagonals,
          nicolae_shop_vocational
D:3:      layout_basic, serial_bayou_crossing

Skill      XL: |  1  2  3 |
---------------+----------+-----
Shields        | 3 |  3.1
Dodging        | 3 |  3.0
Axes           | 2 |  2.0
Fighting       | |  2.7

Action                   || total
-------------------------++-------
Melee: War axe           ||    98
Throw: Stone             ||     3
 Stab: Sleeping          ||     1
Armor: Robe              ||    39
Dodge: Dodged            ||    44
Block: Kite shield       ||    40
